 Dungeon Crawl Stone Soup version 0.31.0-11-ge490571c62 (webtiles) character file.

Game seed: 13808854978540092662

12291 Ashen the Grappler (level 11, -2/109 HPs)
             Began as a Troll Shapeshifter on Feb 1, 2024.
             Was a Priest of Uskayaw.
             Slain by a cane toad (17 damage)
             ... on level 1 of the Lair of Beasts.
             The game lasted 00:17:42 (9478 turns).

Ashen the Grappler (Troll Shapeshifter)             Turns: 9478, Time: 00:17:43

Health: -2/109     AC:  5    Str: 24    XL:     11   Next: 60%
Magic:  14/14      EV: 21    Int:  6    God:    Uskayaw [***...]
Gold:   377        SH:  0    Dex: 13    Spells: 10/10 levels left

rFire   . .          .
                       - Unarmed
rCold   . . .        (shield currently unavailable)
rNeg    . . .        J - melded +3 troll leather armour
rPois   .            (helmet restricted)
rElec   .            r - +2 cloak
rCorr   .            (gloves unavailable)
SInv    .            (boots unavailable)
Will    .....        (no amulet)
Stlth   +            f - +5 ring of evasion
HPRegen 1.18/turn    (no ring)
MPRegen 0.14/turn

%: no passive effects
@: flux-form, glowing
A: glow, contaminating, large, unfitting armour, claws 3, regeneration 1, shaggy
fur 1, tough skin 1
a: Begin Untransformation, Renounce Religion, Stomp, Line Pass


You were on level 1 of the Lair of Beasts.
You worshipped Uskayaw.
Uskayaw was noncommittal.
You were something dangerously unstable.
You visited 2 branches of the dungeon, and saw 11 of its levels.
You also visited: Ossuary and Bailey.

You collected 685 gold pieces.
You spent 308 gold pieces at shops.

Inventory:

Missiles
 F - 3 throwing nets (quivered)
Armour
 r - a +2 cloak (worn)
 J - a +3 troll leather armour (melded)
 K - +0 acid dragon scales
Jewellery
 a - a ring of wizardry
 f - a +5 ring of evasion (left claw)
Talismans
 c - a beast talisman
 d - a flux talisman (active)
Wands
 t - a wand of flame (15)
 L - a wand of charming (7)
Scrolls
 e - 14 scrolls of identify
 i - 4 scrolls of silence {unknown}
 j - 3 scrolls of poison
 l - 2 scrolls of vulnerability {unknown}
 n - 2 scrolls of enchant armour
 q - a scroll of amnesia {unknown}
 u - 6 scrolls of revelation {unknown}
 v - 8 scrolls of teleportation
 w - 3 scrolls of fog
 x - 5 scrolls of immolation
 y - 2 scrolls of fear {unknown}
 D - a scroll of noise {unknown}
 I - 7 scrolls of enchant weapon
 M - a scroll of blinking {unknown}
Potions
 b - 5 potions of lignification
 g - a potion of ambrosia {unknown}
 h - a potion of haste {unknown}
 k - 3 potions of invisibility {unknown}
 m - 8 potions of heal wounds {unknown}
 o - 3 potions of brilliance {unknown}
 p - a potion of cancellation {unknown}
 s - 4 potions of might {unknown}
 z - a potion of mutation {unknown}
 A - a potion of enlightenment {unknown}
 B - 3 potions of resistance {unknown}
 C - 2 potions of attraction {unknown}
 E - 2 potions of degeneration {unknown}
 G - 2 potions of magic {unknown}
 H - a potion of experience


   Skills:
 + Level 7.3 Fighting
 + Level 7.5 Dodging
 + Level 9.3 Unarmed Combat
 + Level 6.3 Invocations
 + Level 8.6 Shapeshifting


You had 10 spell levels left.
You didn't know any spells.
Your spell library contained the following spells:

 Spells                   Type           Power      Damage    Failure   Level
 Summon Small Mammal      Summ           0%         N/A       45%         1
 Ensorcelled Hibernation  Hex/Ice        0%         N/A       58%         2
 Call Canine Familiar     Summ           0%         N/A       83%         3
 Frozen Ramparts          Ice            0%         1d1       83%         3
 Gell's Gravitas          Tloc           0%         N/A       83%         3
 Passwall                 Erth           0%         N/A       83%         3
 Swiftness                Air            0%         N/A       83%         3
 Teleport Other           Tloc           0%         N/A       83%         3
 Leda's Liquefaction      Alch/Erth      0%         N/A       99%         4
 Petrify                  Alch/Erth      0%         N/A       99%         4
 Summon Blazeheart Golem  Fire/Summ      0%         N/A       99%         4
 Metabolic Englaciation   Hex/Ice        0%         N/A       100%        5
 Dispersal                Tloc           0%         N/A       100%        6


Dungeon Overview and Level Annotations

Branches:
Dungeon (10/15)            Temple (0/1) D:7            Lair (1/5) D:8
    Orc (0/2) D:9         Ossuary (visited)          Bailey (visited)

Altars:
Cheibriados
Elyvilon
Fedhas
Gozag
Hepliaklqana
Kikubaaqudgha
Makhleb
Qazlal
Ru
Sif Muna
Trog
Uskayaw
Vehumet
Wu Jian

Shops:
D:4 :   D:7 ?


Innate Abilities, Weirdness & Mutations

You are something dangerously unstable.
You glow with magical radiation, making you easy to see and hit.
Foes you strike become dangerously contaminated with magical radiation.
You are incapable of wielding weapons or throwing items.
You are too large for most types of armour.
You have claws for hands.
Your natural rate of healing is unusually fast.
You are covered in fur. (AC +1)
You have tough skin. (AC +1)


Message History

The cane toad stings you but does no damage.
The basilisk bites you.
The cane toad stings you but does no damage.
The basilisk hisses menacingly.
The basilisk gazes at you. You resist with some effort.
The cane toad stings you but does no damage.
The cane toad stings you. The basilisk gazes at you.
You can no longer merge with and destroy a victim.
The cane toad stings you but does no damage.
The basilisk bites you. The cane toad stings you! The basilisk bites you!
* * * LOW HITPOINT WARNING * * *
The cane toad stings you!
* * * LOW HITPOINT WARNING * * *
The basilisk gazes at you.
The cane toad stings you but does no damage.
You turn to flesh and can move again.
You claw the basilisk!
The basilisk begins to glow.
The basilisk is moderately wounded.
The basilisk bites you!
* * * LOW HITPOINT WARNING * * *
The cane toad stings you.
* * * LOW HITPOINT WARNING * * *
Uskayaw will force your foes to helplessly watch your dance.
You scratch the basilisk but do no damage.
The basilisk glows dangerously bright.
The basilisk is moderately wounded.
The basilisk bites you.
* * * LOW HITPOINT WARNING * * *
The cane toad barely misses you.
You completely miss the basilisk.
The basilisk is moderately wounded.
The cane toad completely misses you. The basilisk misses you.
You claw the basilisk!
The basilisk shudders as magic cascades through it!!
You kill the basilisk!
The cane toad stings you!
You die...

##.... ###.#..# #......##
.. .#######.......#...
.....P#..../....# .#
............#..#.# ..
.###..P.#†.$....... ..
.......†††F†......# ##.
#..##...#p#.......
#..#########..#.#......#
#.[#.##...............#
##.#..........##..l.....
##.....#...#...##..##.##.
#.....................#
........#.#..#.#......
#.......†........#.###
P................. ..


You could see a cane toad.

Vanquished Creatures
  Harold (D:9)
  A two-headed ogre (D:10)
  3 orc knights (Bailey)
  2 rime drakes (Lair:1)
  A komodo dragon (Lair:1)
  4 hornets
  A polar bear (Lair:1)
  Grinder (D:4)
  A wyvern (D:7)
  A shadow (D:9)
  A wraith (D:9)
  A steam dragon (D:8)
  3 yaks (D:10)
  A basilisk (Lair:1)
  Menkaure (D:6)
  An acid dragon (D:10)
  3 water moccasins
  8 orc warriors
  2 sky beasts (D:7)
  2 black bears (D:8)
  4 ogres
  2 ice beasts
  5 centaurs
  8 wolves (Lair:1)
  A phantom (D:4)
  A kobold brigand (D:9)
  2 gnoll sergeants
  7 bullfrogs
  3 scorpions
  13 wights
  5 killer bees (D:9)
  A howler monkey (D:10)
  A crimson imp (D:10)
  3 bombardier beetles
  3 bullfrog zombies (Ossuary)
  3 orc priests
  3 hounds
  Crazy Yiuf (D:3)
  6 jellies
  A gnoll bouda (D:9)
  3 iguanas
  2 sleepcaps
  7 mummies (Ossuary)
  8 orc wizards
  Terence (D:3)
  A killer bee zombie (Ossuary)
  3 crocodile zombies (Ossuary)
  7 hound zombies (Ossuary)
  A howler monkey zombie (Ossuary)
  Robin (D:3)
  16 gnolls
  10 adders
  A shadow imp (D:6)
  A white imp (D:5)
  3 dart slugs
  37 orcs
  10 ball pythons
  6 bats
  5 endoplasms
  5 giant cockroaches
  14 goblins
  9 hobgoblins
  12 jackals
  3 quokkas
  2 ball python zombies (Ossuary)
  7 frilled lizards
  12 kobolds
  A quokka zombie (D:5)
  6 rats
  A rat zombie (D:5)
307 creatures vanquished.

Notes
Turn   | Place    | Note
-------+----------+-------------------------------------------
     0 | D:1      | Ashen the Troll Shapeshifter began the quest for the Orb.
     0 | D:1      | Reached XP level 1. HP: 18/18 MP: 0/0
   132 | D:1      | Reached skill level 1 in Fighting
   231 | D:1      | Reached XP level 2. HP: 27/27 MP: 1/1
  1033 | D:2      | Reached XP level 3. HP: 31/33 MP: 2/2
  1212 | D:2      | Found a burning altar of Makhleb.
  1560 | D:2      | Reached XP level 4. HP: 41/41 MP: 3/3
  2120 | D:3      | Found a runed translucent door.
  2121 | D:3      | Noticed Crazy Yiuf
  2200 | D:3      | Noticed Terence
  2205 | D:3      | Killed Terence
  2206 | D:3      | Reached XP level 5. HP: 42/49 MP: 4/4
  2328 | D:3      | Reached skill level 4 in Unarmed Combat
  2402 | D:3      | Noticed Robin
  2417 | D:3      | Killed Robin
  2815 | D:3      | Killed Crazy Yiuf
  2980 | D:4      | Reached XP level 6. HP: 58/59 MP: 5/5
  3065 | D:4      | Found Latarac's Vocational Training.
  3067 | D:4      | Noticed Grinder
  3083 | D:4      | Killed Grinder
  3084 | D:4      | Reached XP level 7. HP: 49/67 MP: 6/6
  3189 | D:4      | Reached skill level 5 in Unarmed Combat
  3195 | D:4      | Found a shimmering blue altar of Sif Muna.
  3259 | D:4      | Found a stormy altar of Qazlal.
  3629 | D:5      | Entered Level 5 of the Dungeon
  3682 | D:5      | Found a hazy altar of Hepliaklqana.
  3701 | D:5      | Found a hide-covered altar of Uskayaw.
  3702 | D:5      | Found an ornate altar of the Wu Jian Council.
  3712 | D:5      | Became a worshipper of Uskayaw the Reveller
  3733 | D:5      | Reached * piety under Uskayaw
  3735 | D:5      | Reached ** piety under Uskayaw
  3865 | D:5      | Found a sand-covered staircase.
  3875 | Ossuary  | Entered an ossuary
  3892 | Ossuary  | Reached skill level 5 in Shapeshifting
  3892 | Ossuary  | Reached *** piety under Uskayaw
  3981 | Ossuary  | Reached XP level 8. HP: 69/78 MP: 7/7
  3981 | Ossuary  | Reached **** piety under Uskayaw
  4309 | D:5      | Reached skill level 6 in Unarmed Combat
  4309 | D:5      | Reached skill level 1 in Invocations
  4326 | D:5      | Reached ***** piety under Uskayaw
  4430 | D:5      | Found an opulent altar of Gozag.
  4456 | D:5      | Found a blossoming altar of Fedhas.
  4826 | D:6      | Reached skill level 5 in Dodging
  4826 | D:6      | Reached XP level 9. HP: 80/85 MP: 9/9
  4864 | D:6      | Noticed Menkaure
  4870 | D:6      | Killed Menkaure
  5111 | D:6      | Reached skill level 5 in Fighting
  5185 | D:6      | Identified the +1 pair of gloves of the Treeataur {Fly
                  | rPois Dex+2}
  5755 | D:7      | Found a staircase to the Ecumenical Temple.
  5923 | D:7      | Reached skill level 7 in Unarmed Combat
  6083 | D:7      | Found Plog's Magic Scroll Shop.
  6097 | D:7      | Bought a scroll of identify for 22 gold pieces
  6097 | D:7      | Bought a scroll of teleportation for 33 gold pieces
  6097 | D:7      | Bought a scroll of poison for 44 gold pieces
  6097 | D:7      | Bought a scroll of identify for 22 gold pieces
  6097 | D:7      | Bought a scroll of identify for 22 gold pieces
  6097 | D:7      | Bought a scroll of teleportation for 33 gold pieces
  6097 | D:7      | Bought a scroll of fog for 44 gold pieces
  6097 | D:7      | Bought a scroll of fog for 44 gold pieces
  6097 | D:7      | Bought a scroll of immolation for 44 gold pieces
  6606 | D:8      | Found a bloodstained altar of Trog.
  6686 | D:8      | Reached XP level 10. HP: 97/98 MP: 12/12
  6708 | D:8      | Found a snail-covered altar of Cheibriados.
  6754 | D:8      | Found a staircase to the Lair.
  7223 | D:9      | Found an ancient bone altar of Kikubaaqudgha.
  7402 | D:9      | Found a flagged portal.
  7434 | Bailey   | Entered a bailey
  7448 | Bailey   | Reached skill level 8 in Unarmed Combat
  7595 | Bailey   | Noticed an orc knight
  7726 | Bailey   | Noticed an orc knight
  7732 | Bailey   | Killed an orc knight
  7733 | Bailey   | Reached skill level 5 in Invocations
  7745 | Bailey   | Killed an orc knight
  7843 | Bailey   | Noticed an orc knight
  7855 | Bailey   | Killed an orc knight
  7981 | D:9      | Found a staircase to the Orcish Mines.
  8028 | D:9      | Noticed Harold
  8061 | D:9      | Killed Harold
  8062 | D:9      | Reached XP level 11. HP: 71/107 MP: 14/14
  8320 | D:9      | Found a sacrificial altar of Ru.
  8522 | D:10     | Entered Level 10 of the Dungeon
  8608 | D:10     | Noticed a two-headed ogre
  8615 | D:10     | Killed a two-headed ogre
  8658 | D:10     | Found a white marble altar of Elyvilon.
  9103 | D:10     | Found a radiant altar of Vehumet.
  9103 | D:10     | Found a burning altar of Makhleb.
  9107 | D:10     | Paralysed by a hornet for 1 turns
  9110 | D:10     | Reached skill level 9 in Unarmed Combat
  9327 | Lair:1   | Entered Level 1 of the Lair of Beasts
  9433 | Lair:1   | Reached ****** piety under Uskayaw
  9478 | Lair:1   | Slain by a cane toad

Illustrated notes

Levels and vault maps discovered:
D:1:      dpeg_arrival_rooms_a, layout_loops_ring, serial_co_window_serial,
          co_window_corner_a, co_window_paths_b, co_window_of_opportunity_a,
          co_window_corner_a, co_window_corner_a, co_window_of_opportunity_a,
          co_window_of_opportunity_a, co_window_corner_b, co_window_broadway_c,
          co_window_of_opportunity_b, co_window_paths_c, co_window_paths_e,
          glass_columns_b, glass_columns_c, glass_columns_a
D:2:      layout_basic, basic_altar, chequers_serial_rivers_small_3,
          wander_ebering_terrifying_dragon_lair
D:3:      layout_basic, nicolae_half_adder, uniq_robin, uniq_crazy_yiuf_cottage,
          uniq_terence
D:4:      layout_loops_ring, grunt_qazlal_clouds, nicolae_sif_muna_condensation,
          nicolae_shop_vocational, uniq_grinder
D:5:      layout_loops_ring, kennysheep_mini, grunt_temple_overflow_open,
          nicolae_gozag_seed_capital, enter_ossuary_4,
          corexii_item_surrounded_by_moat, serial_bayou_lake_a
D:6:      layout_basic, uniq_menkaure
D:7:      layout_basic, temple_doors_e, serial_shops, nicolae_shop_trees,
          minmay_misc_feat_enclosed, kennysheep_boxes
D:8:      layout_gridville, mainiacjoe_overflow_catwalk,
          trog_three_pillars_becter, lair_entry_dummy, kennysheep_generic_room_3
D:9:      layout_roguey, nicolae_ru_great_annihilating_truth,
          kiku_gazebo_garden_becter, enter_bailey_5, uniq_harold
D:10:     layout_loops_cross, grunt_temple_overflow_lords_of_destruction,
          mainiacjoe_overflow_small_starburst
Lair:1:   dreamdust_isle_of_ice, layout_misc_corridors, serial_bayou_shore_b

Skill      XL: |  1  2  3  4  5  6  7  8  9 10 11 |
---------------+----------------------------------+-----
Fighting       | 1 2 3 4 5 6 7 |  7.3
Dodging        | 2 3 4 5 6 7 |  7.5
Unarmed Combat | 4 5 6 7 8 9 |  9.3
Shapeshifting  | 4 5 6 8 |  8.6
Invocations    | 2 4 5 6 |  6.3

Action                     |  1- 3 |  4- 6 |  7- 9 | 10-12 || total
---------------------------+-------+-------+-------+-------++-------
  Melee: Unarmed           |    92 |   141 |   323 |   368 ||   924
         Punch             |     1 |     3 |    14 |       ||    18
Ability: Begin Untransform |       |     1 |       |       ||     1
  Evoke: Wand              |       |       |       |    12 ||    12
    Use: Scroll            |       |       |       |     6 ||     6
         Potion            |       |       |       |     1 ||     1
   Stab: Sleeping          |       |     1 |     3 |       ||     4
         Paralysed         |       |       |    11 |    22 ||    33
 Armour: Animal skin       |    42 |    74 |   187 |     6 ||   309
         Skin              |       |       |       |   191 ||   191
  Dodge: Dodged            |    45 |    51 |   203 |   461 ||   760
   Form: Beast             |       |     1 |       |       ||     1
         Flux              |       |       |       |     2 ||     2
                           |       |       |       |     1 ||     1
